Map: Goldenaura LE

Players

LiquidClem (Clem) - Winner!

  • Race: Terran Terran
  • League: Grandmaster
  • Spawn Location: 5:00

MaxPax

  • Race: Protoss Protoss
  • League: Grandmaster
  • Spawn Location: 12:00

VOD

Have the link to the VOD?

Description

Time

  • Played on: Oct. 23, 2023, 3:21 p.m.
  • Length: 7:42
Show
View Real Time Build Order
Export as new Build Order

LiquidClem Terran - Winner!

Build Orders: 1/1/1 

Get SALT Encoding   

  12  0:00  SCV  
  13  0:12  SCV  
  14  0:17  Supply Depot  
  14  0:24  SCV  
  15  0:38  SCV  
  15  0:39  Barracks  
  16  0:43  Refinery  
  16  0:50  SCV  
  16  0:52  Refinery  
  17  1:03  SCV  
  18  1:06  Supply Depot  
  18  1:15  SCV  
  19  1:29  Orbital Command, Reaper  
  20  1:42  Factory  
  20  1:55  SCV  
  21  2:02  Barracks Reactor  
  21  2:07  SCV  
  22  2:17  Command Center  
  22  2:20  SCV  
  23  2:28  Starport  
  23  2:32  SCV  
  23  2:36  Supply Depot  
  24  2:39  Marine  
  24  2:41  Marine  
  26  2:45  Widow Mine  
  26  2:48  SCV  
  29  2:56  Marine  
  30  2:58  Marine  
  30  3:00  SCV  
  30  3:04  Medivac  
  34  3:09  Cyclone  
  34  3:12  SCV  
  37  3:14  Marine  
  37  3:16  Marine  
  39  3:28  SCV  
  39  3:32  Marine  
  41  3:34  Marine  
  41  3:39  Starport Tech Lab  
  42  3:41  Factory Tech Lab  
  42  3:43  SCV  
  42  3:46  Orbital Command  
  43  3:49  Barracks  
  43  3:53  Marine  
  43  3:55  Marine, SCV  
  48  4:04  Viking  
  48  4:06  Cyclone  
  50  4:13  SCV x2  
  50  4:16  Marine x2  
  52  4:25  SCV  
  52  4:27  SCV  
  52  4:34  Marine  
  52  4:35  Marine  
  54  4:45  Barracks, Supply Depot  
  54  4:47  Stimpack  
  54  4:56  Engineering Bay  
  54  4:57  Supply Depot  
  54  5:04  Starport Reactor  
  54  5:07  SCV x2, Marine x3  
  54  5:08  Supply Depot, Refinery  
  54  5:11  Factory Reactor  
  59  5:19  SCV x2  
  61  5:24  Marine x3, Supply Depot  
  61  5:25  Terran Infantry Weapons Level 1  
  64  5:31  SCV x2, Supply Depot  
  66  5:42  Marine x2  
  65  5:43  SCV x2, Medivac x2  
  65  5:44  Marine  
  65  5:45  Combat Shield, Supply Depot  
  65  5:48  Marauder  
  76  5:51  Widow Mine  
  76  5:54  Widow Mine  
  76  5:55  SCV  
  81  6:01  Marine  
  81  6:02  Marauder, SCV  
  85  6:07  SCV  
  85  6:09  Marauder, Supply Depot  
  85  6:10  Marine  
  88  6:14  SCV  
  88  6:18  Missile Turret  
  89  6:21  Refinery  
  89  6:23  SCV  
  89  6:24  Missile Turret  
  90  6:26  Medivac  
  90  6:27  Medivac  
  90  6:29  SCV  
  90  6:30  Concussive Shells  
  95  6:34  Marauder  
  95  6:38  Marauder  
  99  6:40  Marine x2  
  99  6:43  Widow Mine  
  99  6:46  Supply Depot  
  103  6:47  Widow Mine  
  105  6:57  Marauder  
  105  7:00  Command Center  
  107  7:05  Marauder, Supply Depot  
  109  7:10  Armory  
  109  7:15  Widow Mine x2, Marine  
  114  7:16  SCV  
  114  7:18  Marine  
  116  7:23  Supply Depot  
  116  7:27  SCV  
Show
View Real Time Build Order
Export as new Build Order

MaxPax Protoss 

Build Orders: 1 Gate Expand, Phoenix Opening, Colossus Rush 

Get SALT Encoding   

  12  0:00  Probe  
  13  0:12  Probe  
  14  0:17  Pylon  
  14  0:24  Probe (Chrono Boost)  
  16  0:36  Gateway, Probe (Chrono Boost)  
  16  0:43  Probe (Chrono Boost)  
  16  0:46  Assimilator  
  17  0:51  Probe  
  18  1:03  Probe  
  19  1:15  Probe  
  20  1:23  Cybernetics Core  
  20  1:33  Nexus  
  20  1:36  Probe  
  21  1:43  Pylon  
  21  1:50  Assimilator  
  21  1:51  Probe  
  22  1:58  Adept (Chrono Boost)  
  24  2:03  Probe  
  25  2:15  Probe  
  25  2:18  Stargate  
  26  2:23  Shield Battery  
  26  2:27  Probe  
  27  2:32  Stalker  
  29  2:38  Warp Gate  
  29  2:40  Probe (Chrono Boost)  
  30  2:46  Probe (Chrono Boost)  
  30  2:51  Probe (Chrono Boost)  
  32  2:54  Probe (Chrono Boost)  
  32  2:56  Shield Battery  
  32  2:58  Probe (Chrono Boost)  
  33  3:00  Probe  
  35  3:07  Phoenix (Chrono Boost)  
  35  3:09  Probe  
  35  3:12  Probe  
  39  3:18  Pylon  
  39  3:21  Probe  
  39  3:24  Probe  
  39  3:25  Phoenix (Chrono Boost)  
  43  3:34  Probe  
  44  3:36  Probe  
  45  3:42  Assimilator  
  45  3:43  Robotics Facility  
  45  3:46  Probe  
  46  3:48  Probe  
  46  3:49  Assimilator  
  46  3:51  Phoenix (Chrono Boost)  
  49  3:57  Pylon  
  49  3:58  Probe  
  50  4:03  Probe  
  50  4:10  Probe  
  50  4:15  Phoenix  
  50  4:16  Probe  
  52  4:30  Pylon, Probe  
  51  4:34  Probe  
  51  4:42  Probe  
  51  4:43  Phoenix  
  54  4:46  Probe  
  54  4:51  Immortal (Chrono Boost)  
  55  4:54  Pylon  
  55  4:55  Probe  
  55  4:58  Probe  
  61  5:07  Robotics Bay  
  61  5:08  Nexus  
  61  5:10  Pylon  
  61  5:11  Stalker  
  63  5:15  Probe x2  
  63  5:20  Immortal (Chrono Boost)  
  67  5:27  Probe x2  
  71  5:33  Shield Battery  
  71  5:36  Stalker  
  71  5:38  Shield Battery  
  73  5:44  Nexus  
  73  5:47  Probe x2  
  73  5:49  Shield Battery  
  75  5:53  Colossus (Chrono Boost)  
  81  6:01  Extended Thermal Lance, Probe  
  82  6:07  Probe  
  82  6:08  Pylon  
  83  6:16  Probe  
  84  6:18  Twilight Council  
  84  6:22  Forge  
  84  6:23  Probe  
  85  6:27  Sentry  
  85  6:29  Probe  
  88  6:33  Colossus (Chrono Boost)  
  94  6:40  Pylon  
  94  6:41  Pylon  
  94  6:46  Forge  
  94  6:56  Probe x3  
  96  7:02  Zealot  
  96  7:07  Shield Battery  
  96  7:08  Probe x3  
  100  7:11  Pylon  
  107  7:20  Probe  
  107  7:23  Pylon  
  107  7:34  Zealot  
Tags
 
Add a new tag
Caveats
  • Supply blocks, unpowered buildings, or Contaminate may cause inaccurate times.
  • Supply counts are checked every 10 seconds.